Cogmind - Beta 17 @@@ ROGUE MODE // 2026.07.12 @ 12:25:18 Player: Nerf Result: Destroyed by D-53 Grenadier with Mini Grenade Launcher Performance ------------- Evolutions (0) 0 Regions Visited (2) 400 Robots Destroyed (13) 65 Value Destroyed (263) 263 Prototype IDs (2) 40 Alien Tech Used (0) 0 Bonus (14) 14 TOTAL SCORE: 782 Bonus ------- Follower Combat Kills 14 Cogmind --------- Core Integrity 0/250 Matter 225/300 Energy 65/100 System Corruption 8% Temperature Cool (0) Movement Core (50) Location -10/Mines Parts ------- > --- POWER (1) -------- (None) > --- PROPULSION (2) --- (None) > --- UTILITY (2) ------ Improved Heat Sink Backup Plating I > --- WEAPON (2) ------- (None) > --- INVENTORY (5) ---- (None) Peak State ------------ > --- POWER ------------ Light Nuclear Core > --- PROPULSION ------- Light Treads Light Treads > --- UTILITY ---------- High-capacity Matter Pod ECM Suite > --- WEAPON ----------- EM Pulse Gun Grenade Launcher > --- INVENTORY -------- Ion Engine Light Ion Engine Backup Plating I EM Pulse Gun [Rating: 9] Favorites ----------- Power Backup Power I Engine Backup Power I Power Core Light Nuclear Core Propulsion Light Treads Treads Light Treads Utility Backup Plating I Device ECM Suite Storage High-capacity Matter Pod Protection Backup Plating I Weapon EM Pulse Gun Energy Gun EM Pulse Gun Ballistic Gun Assault Rifle Launcher Grenade Launcher Special Weapon Mining Laser Build | -11 -10 -10 ------- Run | Yrd Mat Min Slots Evolved . | . . . Power . | . . . Propulsion . | . . . Utility . | . . . Weapon . | . . . Parts Attached 17 | 4 8 5 Power 4 | . 3 1 Engine 3 | . 3 . Core 1 | . . 1 Reactor . | . . . Propulsion 2 | 2 . . Treads 2 | 2 . . Leg . | . . . Wheel . | . . . Hover . | . . . Flight . | . . . Utility 5 | . 3 2 Device 2 | . 1 1 Storage 2 | . 2 . Processor . | . . . Hackware . | . . . Protection 1 | . . 1 Artifact . | . . . Weapon 6 | 2 2 2 Energy Gun 2 | 1 1 . Energy Cannon . | . . . Ballistic Gun 1 | 1 . . Ballistic Cannon . | . . . Launcher 2 | . 1 1 Special Weapon 1 | . . 1 Impact Weapon . | . . . Slashing Weapon . | . . . Piercing Weapon . | . . . Special Melee Weapon . | . . . Unidentified Prototypes . | . . . Parts Lost 10 | . . 10 Power 2 | . . 2 Propulsion 2 | . . 2 Utility 2 | . . 2 Weapon 4 | . . 4 Highest Loss Streak 6 | . . 6 To Critical Strikes . | . . . Average Backups 4 | 1 4 4 Power 1 | 1 1 1 Propulsion . | . . . Utility . | . . 1 Weapon 1 | . 1 1 Tool/Special . | . . . Unused Backups 3 | . 2 1 Power 1 | . 1 . Propulsion 1 | . 1 . Utility . | . . . Weapon 1 | . . 1 Tool/Special . | . . . Average Slot Usage (%) 87 | . 97 67 Engine 9 | . 13 1 Treads 27 | . 28 27 Device 1 | . . 4 Storage 4 | . 5 4 Protection 13 | . 20 . Energy Gun 13 | . 14 11 Ballistic Gun 2 | . 4 . Launcher 8 | . 9 4 Special Weapon 3 | . . 10 Peak Build Rating 9 | 4 7 9 Average Rating 6 | 3 6 5 On Entrance 3 | . 4 7 Avg Prop Armor Cover (%) . | . . . Naked Turns . | . . . Heaviest Build 16 | 4 16 16 Greatest Support 40 | 40 40 40 Greatest Overweight (x) . | . . . Average Overweight (x) . | . . . Largest Inventory Capacity 5 | 5 5 5 Average Capacity 5 | 5 5 5 Most Carried 5 | 4 5 5 Average Carried 4 | 1 4 4 Final Capacity 5 | 5 5 5 Final Carried 4 | 2 4 . Class Distribution -------------------- 100% | Mutant Dominant Class ---------------- Mutant | -10/Materials Mutant | -10/Mines Resources | -11 -10 -10 ----------- Run | Yrd Mat Min Matter Collected 581 | 188 362 31 Remotely . | . . . Salvage Created 311 | . 249 62 Parts 23 | . 16 7 Haulers Intercepted . | . . . Recyclers Shooed . | . . . Parts Field Recycled . | . . . Retrieved Matter . | . . . Parts Self-Destructed . | . . . Prevented . | . . . Parts Restored . | . . . Kills | -11 -10 -10 ------- Run | Yrd Mat Min Combat Hostiles Destroyed 8 | . 4 4 Guns 4 | . 3 1 AOE 4 | . 1 3 Classes Destroyed 6 | . 5 1 Worker 1 | . 1 . Builder 2 | . 2 . Operator 1 | . 1 . Watcher 1 | . 1 . Swarmer 3 | . . 3 Grunt 5 | . 4 1 Best Kill Streak 3 | . 3 3 Combat Bots Only 3 | . 2 3 Max Kills in Single Turn 2 | . 1 2 Gunslinging . | . . . Exploded 2 | . 1 2 Melee . | . . . Uniques/NPCs Destroyed . | . . . Combat | -11 -10 -10 -------- Run | Yrd Mat Min Hostile Shots Fired 62 | . 33 29 Missed 12 | . 8 4 Hits 50 | . 25 25 Projectile 50 | . 25 25 AOE 9 | . . 9 Critical Strikes 1 | . . 1 Damage Taken 1119 | . 298 821 Core 271 | . 21 250 Absorbed by Shields . | . . . Core Remaining (%) 100 | 100 . . Volleys Fired 52 | . 33 19 Largest 2 | . 1 2 Hottest 100 | . 40 100 Shots Fired 52 | . 33 19 Gun 38 | . 29 9 Cannon . | . . . Launcher 9 | . 4 5 Special 5 | . . 5 Kinetic . | . . . Thermal 5 | . . 5 Explosive 9 | . 4 5 Electromagnetic 38 | . 29 9 Robot Hit Streak 16 | . 7 16 Robot Miss Streak 4 | . 4 . Penetration Max . | . . . Secondary Targets . | . . . Shots Hit Robots 30 | . 17 13 Core Hits 26 | . 14 12 Critical Kills . | . . . Critical Parts Destroyed . | . . . Critical Strikes 1 | . . 1 Corrupt 1 | . . 1 Melee Attacks . | . . . Impact . | . . . Slashing . | . . . Piercing . | . . . Sneak Attacks . | . . . Combat Hostiles . | . . . Follow-up Attacks . | . . . Damage Inflicted 924 | . 490 434 Guns 398 | . 283 115 Cannons . | . . . Explosions 526 | . 207 319 Melee . | . . . Ramming . | . . . Kinetic . | . . . Thermal 47 | . 47 . Explosive 479 | . 160 319 Electromagnetic 398 | . 283 115 Impact . | . . . Slashing . | . . . Piercing . | . . . Highest Corruption 8 | . . 8 Average Corruption 8 | . . 8 Corruption Purged . | . . . Corruption Blocked . | . . . Effects 9 | . . 9 Message Errors 2 | . . 2 Matter Fused 2 | . . 2 Energy Discharges 2 | . . 2 Data Loss (minor) 2 | . . 2 Weapon Failures 1 | . . 1 Overload Shots . | . . . Overflow Damage 5 | . . 5 Projectiles . | . . . Explosions 5 | . . 5 Melee . | . . . Knockbacks . | . . . Impact . | . . . Kinetic . | . . . Secondary . | . . . Self-Inflicted Damage 20 | . 20 . Shots 1 | . 1 . Rammed . | . . . Targets Rammed . | . . . Kicked . | . . . Crushed . | . . . Highest Temperature 162 | . 162 102 Average Temperature 58 | . 71 39 Received Heat Transfer 258 | . 150 108 Siege Activations . | . . . Martial Activations . | . . . Shielding Activations . | . . . Robots Disrupted . | . . . Combat Hostiles . | . . . Robots Corrupted . | . . . Combat Hostiles . | . . . Parts Fried 1 | . 1 . Impact Corruptions . | . . . Robots Melted . | . . . Combat Hostiles . | . . . Parts Melted . | . . . Heat Transferred 50 | . 50 . Parts Sabotaged . | . . . Parts Stolen . | . . . Parts Stripped . | . . . Power Chain Reactions 1 | . 1 . Alert | -11 -10 -10 ------- Run | Yrd Mat Min Maximum Alert Level . | . . . Low Security (%) 100 | 100 100 100 Level 1 . | . . . Level 2 . | . . . Level 3 . | . . . Level 4 . | . . . Level 5 . | . . . High Security . | . . . Max Security . | . . . Peak Influence 104 | . 57 104 Initial 5 | . . 5 Average 14 | . 15 15 Influence Increases 372 | . 194 178 Destroy 0b10 Robot/C 200 | . 80 120 Destroy 0b10 Robot/NC 25 | . 25 . Destroy Leader 32 | . 22 10 Allied During Kill 27 | . . 27 Successful Hack 15 | . 15 . Disable Machine 30 | . 30 . Destroy Structure 43 | . 22 21 Influence Decreases 372 | . 180 192 Entered New Map 9 | . . 9 Time Decay 212 | . 161 51 Lost Part 52 | . . 52 Lost Ally 80 | . . 80 Purge Threat 19 | . 19 . Squads Dispatched 5 | . 5 . Investigation 3 | . 3 . Extermination . | . . . Reinforcement 2 | . 2 . Assault . | . . . Garrison . | . . . Intercept . | . . . Searches Triggered . | . . . Construction Impeded . | . . . Haulers Reinforced . | . . . Active Scanning Responses . | . . . Cargo Convoy Interrupts . | . . . Stealth | -11 -10 -10 --------- Run | Yrd Mat Min Distress Signals 2 | . 2 . Communications Jammed . | . . . Distress Signals . | . . . Times Spotted 13 | . 5 8 Peak Tracking Total 3 | . 2 3 Tactical Retreats . | . . . Traps | -11 -10 -10 ------- Run | Yrd Mat Min Traps Triggered . | . . . Indirectly . | . . . Trap Hack Attempts . | . . . Triggered . | . . . Disarmed . | . . . Reprogrammed . | . . . Reused . | . . . Traps Extracted . | . . . Installed . | . . . Triggered . | . . . Machines | -11 -10 -10 ---------- Run | Yrd Mat Min Machines Disabled 2 | . 2 . Max in Single Turn 1 | . 1 . Machines Repaired . | . . . Machines Dismantled . | . . . Machines Sabotaged . | . . . Overloaded Fab Kills . | . . . Hacking | -11 -10 -10 --------- Run | Yrd Mat Min Machines Accessed 4 | . 4 . Terminals 3 | . 3 . Fabricators . | . . . Repair Stations 1 | . 1 . Recycling Units . | . . . Scanalyzers . | . . . Garrison Access . | . . . Total Hacks 13 | . 13 . Successful 9 | . 9 . Failed 4 | . 4 . Catastrophic . | . . . Database Lockouts . | . . . Manual . | . . . Terminals 12 | . 12 . Fabricators . | . . . Repair Stations 1 | . 1 . Recycling Units . | . . . Scanalyzers . | . . . Garrison Access . | . . . Terminal Hacks 8 | . 8 . Record 2 | . 2 . Prototype ID Bank 1 | . 1 . Terminal Index 1 | . 1 . Alert Level 1 | . 1 . Unreport Threat 1 | . 1 . Locate Traps 2 | . 2 . Fabricator Hacks . | . . . Repair Station Hacks 1 | . 1 . Refit 1 | . 1 . Recycling Unit Hacks . | . . . Scanalyzer . | . . . Garrison Access Hacks . | . . . Unauthorized Hacks . | . . . Terminals . | . . . Fabricators . | . . . Repair Stations . | . . . Recycling Units . | . . . Scanalyzers . | . . . Garrison Access . | . . . Data Cores Recovered . | . . . Used . | . . . Hacking Detections 2 | . 2 . Full Trace Events 2 | . 2 . Feedback Events . | . . . Feedback Blocked . | . . . Robot Schematics Acquired . | . . . Robots Built . | . . . Authchips . | . . . Time . | . . . Total Robot Build Rating . | . . . Part Schematics Acquired . | . . . Parts Built . | . . . Authchips . | . . . Time . | . . . Total Part Build Rating . | . . . Part Studies Acquired . | . . . Parts Repaired . | . . . Time . | . . . Parts Recycled . | . . . Recycled Matter . | . . . Retrieved Matter . | . . . Retrieved Components . | . . . Parts Scanalyzed . | . . . Part Schematics Acquired . | . . . Parts Damaged . | . . . Bothacking | -11 -10 -10 ------------ Run | Yrd Mat Min Used RIF Installer . | . . . Robots Hacked . | . . . Non-combat . | . . . Combat . | . . . Robot Hacks Applied . | . . . Relay Couplers Released . | . . . Fabnet Peak Effective % . | . . . Robots Rewired . | . . . Allies Hacked . | . . . Hacks Repelled . | . . . Allies | -11 -10 -10 -------- Run | Yrd Mat Min Total Allies 4 | . . 4 Largest Group 4 | . . 4 Highest-Rated Group 71 | . . 71 Highest-Rated Ally 31 | . . 31 Total Orders . | . . . Ally Attacks 17 | . . 17 Total Damage 182 | . . 182 Kills 2 | . . 2 Allies Corrupted . | . . . Allies Melted . | . . . Intel | -11 -10 -10 ------- Run | Yrd Mat Min Active Infowar (turns) 111 | . 18 93 ECM 111 | . 18 93 Robot Analysis Total . | . . . Derelict Logs Recovered 1 | . . 1 Drone Launches . | . . . Drone Recoveries . | . . . Exploration | -11 -10 -10 ------------- Run | Yrd Mat Min Turns Passed 1067 | 70 659 338 Spaces Moved 506 | 54 308 144 Core 25 | 23 . 2 Treads 481 | 31 308 142 Legs . | . . . Wheels . | . . . Hover . | . . . Flight . | . . . Fastest Speed 50 | 50 160 50 Average Speed 154 | 113 160 158 Slowest Speed 160 | 160 160 160 Overloaded Moves . | . . . Propulsion Burnouts . | . . . Robots Hopped . | . . . Potential Cave-ins . | . . . Cave-ins Triggered 1 | . . 1 Exploration Rate (%) 31 | 4 51 38 Regions Visited 2 Branch Regions 1 Pre-discovered Areas . | . . . Known Exits Taken . | . . . Unknown Exits Taken 2 | 1 1 . Scrap Searched . | . . . Spaces Dug 5 | . . 5 Terrain Destroyed 49 | . 18 31 Melee . | . . . Projectile 5 | . . 5 AOE 44 | . 18 26 Terrain Rammed . | . . . Walls Destroyed . | . . . Machines Disabled . | . . . Actions | -11 -10 -10 --------- Run | Yrd Mat Min Total 734 | 63 447 224 Wait 129 | . 83 46 Move 504 | 53 307 144 Hop . | . . . Pick Up 17 | 6 7 4 Fast Attach . | . . . Attach 12 | 4 2 6 Detach 1 | . 1 . Swap 8 | . 6 2 Drop 11 | . 8 3 Fire 52 | . 33 19 Melee . | . . . Ram . | . . . Kick . | . . . Crush . | . . . Escape Stasis . | . . . Rewire . | . . . Trap . | . . . Miscellaneous . | . . . Route ------- -11/Scrapyard -10/Materials -10/Mines History --------- Turn | Location | Event 4 | -11/Scrapyard | Discovered new exit (range 15) 71 | -11/Scrapyard | Entered Materials 72 | -10/Materials | Met a group of wandering Federalists 312 | -10/Materials | Build established: Mutant 411 | -10/Materials | Discovered new exit (range 16) 730 | -10/Materials | Entered Mines 778 | -10/Mines | Received a Mining Laser from a helpful Derelict 823 | -10/Mines | Crushed by falling debris 854 | -10/Mines | Lost 3 parts (1p2u) 934 | -10/Mines | Learned Materials terminal intel 967 | -10/Mines | Assisted by bots powering up and referring to "LRC-V3" 1005 | -10/Mines | Core integrity fell below 50% 1036 | -10/Mines | Assembled infested the area 1059 | -10/Mines | Core integrity fell below 20% 1068 | -10/Mines | Destroyed by D-53 Grenadier with Mini Grenade Launcher Last Messages --------------- C-45 Heavy ARC bursts open, deploying its payload. D-53 Grenadier unfolds itself. U-05 Engineer destroyed. K-01 Serf destroyed. Mercenary 1a destroyed. S-10 Pest destroyed. Trooper 1a destroyed. Mining Laser destroyed. U-05 Engineer destroyed. Lgt. Treads destroyed. The unstable cave ceiling collapses. 23 Matter crushed. VQ-F3H(g) destroyed. Lgt. Treads destroyed. EM Pulse Gun destroyed. Trooper 1b destroyed. Grenade Launcher destroyed. System corrupted: Component data lost. Ion Engine destroyed. Map ----- +----------------------------------------------------+ | | | | | | | | | | | ?????????????????????????????????????????????????? | | ?????????????????????????????????????????????????? | | ?????????????????????????????????????????????????? | | ?????????????????????????????????????????????????? | | ?????????????????????????????????????????????????? | | ?????????????????????????????????????????????????? | | ?????????????????????????????????????????????????? | | ?????????????????????????????????????????????????? | | ?????????????????????????????????????????????????? | | ?????????????????????????????????????????????????? | | ?????????????????????????????????????????????????? | | ?????????????#??????????###""###?????????????????? | | ?????????????# ?????????# X ###???????????????? | | ????????###### ????????# #???????????????? | | ????????# ## ######### #???????????????? | | ????????# ## #????????????????? | | ???????## ## #?????#??????????? | | ???????# ###### #### ## ### #??????????? | | ??????## ##?# #?# ??????????????? | | ??????# ### #?# ##????????????????? | | ?????## #??# @ #????????????????? | | ????## ######?# #????????????????? | | ???## ####??????# #???????????????? | | ?### ##????????## #???????????????? | | ## ##?????????# r #???????????????? | | # #??????????# ## #???????????????? | | # ##??????????# ?## #???????????????? | | ##???????????#?#? #??????????????? | | ##???????###??# ## d #??????????????? | | #??####?# ### d ###?????????????? | | ##?## ## ?#### ##????????????? | | ###??# #??????# % #????????????? | | # ###### #??????# #????????? | | ## #????? u #### #????????? | | ?# #?????### ##?????????????? | | ?####### ##???????# ####??????????????? | | ???????## #????????# ####?????????????????? | | ???##???### #????????####?????????????????????? | | ???# #????## ##?????????????????????????????????? | | ???# ##???## #??????????????????????????????????? | | ???# ##???# #??????????????????????????????????? | | ???# ##??# #??????????????????????????????????? | | ???# #### #??????????????????????????????????? | | ???## #??????????????????????????????????? | | ????## #######??????????????????????????????????? | +----------------------------------------------------+ Best States ------------- Heat Dissipation 25 Energy Generation 14 Energy Capacity 250 Matter Stores 500 Matter Capacity 500 Sight Range 16 Terrain Scan Density 10 ECM Strength 1 Armor Coverage 160 Evasion (%) 50 Recoil Reduction 2 Item Schematics ----------------- None Robot Schematics ------------------ None Fabricated ------------ Nothing Repaired ---------- Nothing Studied --------- None Alien Tech Used ----------------- None Achievements -------------- Fitting Room Unlikely Earthworm Challenges ------------ None Game ------ Seed TechGodExtractor Manual? 0 Play Time 00:24:20 Cumulative 6.4 hours Start 2026.07.12 @ 11:41:55 End 2026.07.12 @ 12:25:18 Sessions 1 Manual Loads 0 Difficulty Rogue Special Mode None Game No. 20 Rogue 20 Adventurer 0 Explorer 0 Win Type - Total 0 Types 0/0/0/0/0/0/0/0/0/0 Lore% 4 Gallery% 10 Achievement% 8 Wizard Run 0 Options --------- Layout 1 ASCII 0 Keyboard 0 Movement Mouse Keybinds 0 Fullscreen 1 Font 32/SmallcapsGlow Map View 50x35 Zoom Use 0% Tactical HUD 0 Map Filters NONE Filters NONE Steam 1 RUN: 2cc1c9ab-82ce-4699-9c4d-2d32afa06426